 Dungeon Crawl Stone Soup version 0.29.1-2-gbd0b4ee654 (webtiles) character file.

Game seed: 312071328173541195

415 safid the Shooter (level 6, -12/57 HPs)
             Began as a Minotaur Hunter on Oct 26, 2022.
             Was an Initiate of Okawaru.
             Mangled by a two-headed ogre
             ... wielding a +0 giant club
              (19 damage)
             ... on level 5 of the Dungeon.
             The game lasted 00:05:42 (3477 turns).

safid the Shooter (Minotaur Hunter)                 Turns: 3477, Time: 00:05:43

Health: -12/57     AC: 14    Str: 19    XL:     6   Next: 60%
Magic:  5/5        EV: 11    Int:  6    God:    Okawaru [......]
Gold:   257        SH:  0    Dex: 16    Spells: 5/5 levels left

rFire   . . .      SeeInvis .   a - +0 shortbow
rCold   . . .      Faith    .   (shield currently unavailable)
rNeg    . . .      Spirit   .   s - +4 ring mail of Undesirable Species {Str+4}
rPois   .          Reflect  .   (helmet restricted)
rElec   .          Harm     .   b - +0 cloak
rCorr   .          Rampage  .   (no gloves)
Will    .....                   (no boots)
Stlth   +.........              (no amulet)
HPRegen 0.19/turn               n - +4 ring of protection
MPRegen 0.09/turn               (no ring)

@: no status effects
A: horns 2, retaliatory headbutt
a: Renounce Religion


You were on level 5 of the Dungeon.
You worshipped Okawaru.
Okawaru was noncommittal.
You visited 2 branches of the dungeon, and saw 6 of its levels.

You collected 257 gold pieces.

Inventory:

Hand Weapons
 a - a +0 shortbow (weapon)
Armour
 b - a +0 cloak (worn)
 s - the +4 ring mail of Undesirable Species (worn) {Str+4}
   (You found it on level 4 of the Dungeon)

   Str:       It affects your strength (+4).
Jewellery
 c - a +6 ring of intelligence
 n - a +4 ring of protection (left hand)
Scrolls
 d - 2 scrolls of vulnerability {unknown}
 e - 2 scrolls of identify {unknown}
 h - a scroll of amnesia {unknown}
 j - a scroll of blinking {unknown}
 l - 3 scrolls of poison {unknown}
 m - a scroll of enchant weapon {unknown}
 p - 2 scrolls of summoning {unknown}
 q - 2 scrolls of enchant armour {unknown}
 t - 4 scrolls of magic mapping {unknown}
 u - a scroll of silence {unknown}
Potions
 f - a potion of brilliance {unknown}
 g - 3 potions of degeneration {unknown}
 i - 2 potions of heal wounds {unknown}
 k - a potion of mutation {unknown}
 o - a potion of berserk rage {unknown}
 r - 3 potions of might {unknown}
 v - a potion of ambrosia {unknown}


   Skills:
 + Level 6.2 Fighting
 + Level 6.9 Ranged Weapons
 - Level 2.1 Dodging
 - Level 0.7 Stealth


You had 5 spell levels left.
You didn't know any spells.
Your spell library contained the following spells:

 Spells                   Type           Power      Damage    Failure   Level
 Beastly Appendage        Tmut           0%         N/A       65%         1
 Sandblast                Erth           0%         2d4       65%         1
 Passwall                 Tmut/Erth      0%         N/A       78%         2
 Wereblood                Tmut           0%         N/A       78%         2
 Ignite Poison            Fire/Tmut/Pois 0%         N/A       95%         3
 Mephitic Cloud           Conj/Pois/Air  0%         N/A       95%         3
 Spider Form              Tmut/Pois      0%         N/A       95%         3
 Stone Arrow              Conj/Erth      0%         3d7       95%         3
 Cause Fear               Hex            0%         N/A       100%        4
 Freezing Cloud           Conj/Ice/Air   0%         6-21      100%        5
 Dragon Form              Tmut           0%         N/A       100%        7
 Lehudib's Crystal Spear  Conj/Erth      0%         10d2      100%        8
 Animate Armour           Summ/Erth      Unusable   N/A       N/A         4
 Animate Dead             Necr           Unusable   N/A       N/A         4
 Haunt                    Necr/Summ      Unusable   N/A       N/A         7
 Infestation              Necr           Unusable   N/A       N/A         8
 Dragon's Call            Summ           Unusable   N/A       N/A         9

Dungeon Overview and Level Annotations

Branches:
Dungeon (5/15)             Temple (1/1) D:4

Altars:
Ashenzari
Cheibriados
Dithmenos
Elyvilon
Fedhas
Gozag
Hepliaklqana
Kikubaaqudgha
Makhleb
Nemelex Xobeh
Okawaru
Qazlal
Ru
Sif Muna
Uskayaw
Vehumet
Wu Jian
Xom
Yredelemnul
Zin
The Shining One

Shops:
D:3 (((

Annotations:
D:3 1 runed translucent door, Crazy Yiuf


Innate Abilities, Weirdness & Mutations

You have a pair of horns on your head.
You reflexively headbutt those who attack you in melee.


Message History

The two-headed ogre closely misses you. You furiously retaliate!
You headbutt the two-headed ogre! The two-headed ogre closely misses you.
You hear an angry hiss.
Unknown command.
You shoot an arrow. The arrow hits the two-headed ogre.
The two-headed ogre is severely wounded.
You shoot an arrow.
The arrow barely misses the two-headed ogre.
The howler monkey hits you. The two-headed ogre misses you.
The two-headed ogre closely misses you. The howler monkey hits you.
Unknown command.
Unknown command.
Fire: a) +0 shortbow
Press: ? - help, Q - select action Shift-Dir - straight line, f/p - two-headed ogre
Aim: a two-headed ogre, wielding two +0 giant clubs (severely wounded, 79% to hit)
You shoot an arrow. The arrow hits the two-headed ogre.
The two-headed ogre is severely wounded.
The two-headed ogre hits you with a +0 giant club! x2
* * * LOW HITPOINT WARNING * * *
The howler monkey barely misses you.
Unknown command.
Fire: a) +0 shortbow
Press: ? - help, Q - select action Shift-Dir - straight line, f/p - two-headed ogre
Aim: a two-headed ogre, wielding two +0 giant clubs (severely wounded, 79% to hit)
You shoot an arrow. The arrow hits the two-headed ogre.
The two-headed ogre is severely wounded.
The howler monkey hits you but does no damage.
The two-headed ogre hits you with a +0 giant club!
* * * LOW HITPOINT WARNING * * *
The two-headed ogre closely misses you.
The howler monkey hits you but does no damage.
Fire: a) +0 shortbow
Press: ? - help, Q - select action Shift-Dir - straight line, f/p - two-headed ogre
Aim: a two-headed ogre, wielding two +0 giant clubs (severely wounded, 79% to hit)
You shoot an arrow. The arrow hits the two-headed ogre.
The two-headed ogre is severely wounded.
The howler monkey closely misses you. You furiously retaliate!
You headbutt the howler monkey.
The two-headed ogre hits you with a +0 giant club!!
You die...

.?.. .... ....
... ..# .
#..#...
###.......
#O@...#
#.>...h......#
....#.....##++#
#<. ##...## #
...## ....#
#...+ ....+


You could see a two-headed ogre and a howler monkey.

Vanquished Creatures
  A black bear (D:3)
  2 necrophages (D:4)
  A hound (D:4)
  An iguana (D:4)
  5 adders
  5 orcs (D:4)
  7 bats
  10 endoplasms
  4 giant cockroaches
  9 goblins
  8 hobgoblins
  6 jackals (D:1)
  6 quokkas
  6 ball pythons
  A frilled lizard (D:1)
  8 kobolds
  6 rats
86 creatures vanquished.

Notes
Turn   | Place    | Note
-------+----------+-------------------------------------------
     0 | D:1      | safid the Minotaur Hunter began the quest for the Orb.
     0 | D:1      | Reached XP level 1. HP: 18/18 MP: 0/0
    58 | D:1      | Reached XP level 2. HP: 13/25 MP: 1/1
   236 | D:1      | Found a faded altar of an unknown god.
   503 | D:1      | Reached skill level 5 in Ranged Weapons
   514 | D:1      | You fall into a shaft and drop 1 floor!
   545 | D:1      | Reached XP level 3. HP: 31/31 MP: 2/2
   988 | D:2      | Reached XP level 4. HP: 40/40 MP: 3/3
  1500 | D:3      | Found Nas Yrywk's Antique Weapon Shoppe.
  1510 | D:3      | Noticed a black bear
  1519 | D:3      | Killed a black bear
  1520 | D:3      | Reached skill level 5 in Fighting
  1520 | D:3      | Reached XP level 5. HP: 6/48 MP: 4/4
  1833 | D:3      | Found Naeqatz's Antique Weapon Boutique.
  1897 | D:3      | Found Zaasiniyp's Antique Weapon Boutique.
  1977 | D:3      | Found an ornate altar of the Wu Jian Council.
  2366 | D:3      | Found a runed translucent door.
  2367 | D:3      | Noticed Crazy Yiuf
  2406 | D:3      | Found a hazy altar of Hepliaklqana.
  2415 | D:3      | Found a blossoming altar of Fedhas.
  2627 | D:4      | Identified the +4 ring mail of Undesirable Species {Str+4}
  2652 | D:4      | Reached XP level 6. HP: 56/56 MP: 5/5
  3064 | D:4      | Found a staircase to the Ecumenical Temple.
  3079 | Temple   | Entered the Ecumenical Temple
  3079 | Temple   | Noticed an ice devil
  3080 | Temple   | Noticed Qooheb the pandemonium lord
  3080 | Temple   | Noticed Samnyma the pandemonium lord
  3080 | Temple   | Noticed an Ice Fiend
  3081 | Temple   | Noticed a chaos spawn
  3081 | Temple   | Noticed an Ice Fiend
  3109 | Temple   | Noticed a cacodemon
  3109 | Temple   | Noticed a hellwing
  3110 | Temple   | Noticed Wokhliris the pandemonium lord
  3128 | Temple   | Noticed Huhelur the pandemonium lord
  3136 | Temple   | Noticed a soul eater
  3141 | Temple   | Noticed Miedopei the pandemonium lord
  3153 | Temple   | Noticed a hellion
  3157 | Temple   | Became a worshipper of Warmaster Okawaru
  3157 | Temple   | Noticed a Brimstone Fiend
  3159 | Temple   | Noticed Evesk the pandemonium lord
  3464 | D:5      | Entered Level 5 of the Dungeon
  3464 | D:5      | Noticed a two-headed ogre
  3477 | D:5      | Mangled by a two-headed ogre

Illustrated notes

Levels and vault maps discovered:
D:1:      dpeg_arrival_line_fractal, layout_loops_ring, basic_ecumenical_altar
D:2:      layout_basic, chequers_serial_rivers_micro_d
D:3:      layout_loops_ring, mainiacjoe_overflow_alcove_2,
          mainiacjoe_overflow_swirl, serial_shops,
          nicolae_shop_overgrown_old_shop, shop, shop, uniq_crazy_yiuf_cottage
D:4:      kb_forest_paths, layout_loops_cross, mainiacjoe_overflow_boulevard,
          minmay_temple_entry_overgrown, abandoned_shop,
          hangedman_decor_peaks_small
D:5:      layout_cave_pools, portal_sewer_entry_f, enter_ossuary_2,
          kennysheep_generic_room_3
Temple:   nicolae_temple_panitentiary

Skill      XL: |  1  2  3  4  5  6 |
---------------+-------------------+-----
Fighting       | 3 4 5 6 |  6.2
Ranged Weapons | 5 6 |  6.9
Dodging        | |  2.1
Stealth        | |  0.7

Action                   |  1- 3 |  4- 6 || total
-------------------------+-------+-------++-------
 Fire: Shortbow          |   105 |   144 ||   249
Armor: Leather armour    |    12 |     9 ||    21
       Ring mail         |       |    15 ||    15
Dodge: Dodged            |    27 |    60 ||    87
